 Dungeon Crawl Stone Soup version 0.24.0-37-gcf1ca852f1 (console) character file.

Game seed: 3396277119343569969, levelgen mode: deterministic

263 bli the Skirmisher (level 6, 0/49 HPs)
             Began as a Formicid Abyssal Knight on Nov 23, 2019.
             Was a Follower of Lugonu.
             Shot with an arrow by a centaur (11 damage)
             ... on level 5 of the Dungeon.
             The game lasted 00:06:21 (3054 turns).

bli the Skirmisher (Formicid Abyssal Knight)        Turns: 3054, Time: 00:06:22

Health: 0/49       AC:  3    Str: 17    XL:     6   Next: 43%
Magic:  7/7        EV: 12    Int: 11    God:    Lugonu [*.....]
Gold:   83         SH:  0    Dex: 12    Spells: 5/5 levels left

rFire    . . .     SeeInvis +   a - +1 falchion
rCold    . . .     Gourm    .   (no shield)
rNeg     . . .     Faith    .   b - +0 leather armour
rPois    .         Spirit   .   (helmet unavailable)
rElec    .         Reflect  .   (no cloak)
rCorr    .         Harm     .   (no gloves)
MR       .....                  (no boots)
Stlth    ++........             (no amulet)
HPRegen  0.16/turn              s - ring of stealth
MPRegen  0.10/turn              (no ring)

@: no status effects
A: permanent stasis, dig shafts and tunnels, four strong arms, antennae 3
a: Dig, Shaft Self, Depart the Abyss, Renounce Religion


You were on level 5 of the Dungeon.
You worshipped Lugonu.
Lugonu was aware of your devotion.
You were not hungry.

You visited 1 branch of the dungeon, and saw 5 of its levels.
You visited the Abyss 1 time.

You collected 83 gold pieces.

Inventory:

Hand Weapons
 a - a +1 falchion (weapon)
 j - a +2 dagger of venom
Missiles
 k - 61 stones (quivered)
Armour
 b - a +0 leather armour (worn)
 d - a +0 scale mail
Jewellery
 s - a ring of stealth (left hand)
Scrolls
 h - 4 scrolls of amnesia {unknown}
 o - 2 scrolls of blinking {unknown}
 p - 4 scrolls of identify {unknown}
 q - 5 scrolls of teleportation {unknown}
Potions
 e - 3 potions of curing
 f - a potion of brilliance {unknown}
 g - a potion of degeneration {unknown}
 i - a potion of lignification {unknown}
 l - a potion of flight {unknown}
 m - a potion of might {unknown}
 r - a potion of heal wounds {unknown}
Comestibles
 c - 6 rations
 n - 7 chunks of flesh


   Skills:
 + Level 4.7 Fighting
 * Level 4.0 Long Blades
 + Level 3.2 Armour
 * Level 2.0 Dodging
 + Level 1.5 Stealth
 + Level 2.4 Invocations


You had 5 spell levels left.
You didn't know any spells.
Your spell library was empty.

Dungeon Overview and Level Annotations

Branches:
Dungeon (6/15)
 Temple: D:4-7

Altars:


Innate Abilities, Weirdness & Mutations

You cannot be hasted, slowed, berserked, paralysed or teleported.
You can dig through walls and to a lower floor.
Your four strong arms can wield two-handed weapons with a shield.
You have a pair of large antennae on your head. (SInv)


Message History

You sense a monster nearby.
There is an escape hatch in the ceiling here.
A mysterious force pulls you upwards. The hatch slams shut behind you.
A sky beast and a skeleton come into view.
Found 7 poisoned darts and 27 gold pieces.
The adder skeleton barely misses you.
You riposte.
You hit the adder skeleton.
The adder skeleton is lightly damaged.
The adder skeleton bites you.
A centaur opens the gate.
An orc comes into view. It is wielding a +0 dagger.
The centaur shouts!
The orc shouts!
The centaur wields a +0 shortbow.
The centaur shoots an arrow.
The arrow hits you!
* * * LOW HITPOINT WARNING * * *
The sky beast flickers out of sight for a moment.
You see here an arrow.
The centaur shoots an arrow.
The arrow closely misses you.
A crimson imp comes into view.
You see here an arrow.
The centaur shoots an arrow.
The arrow hits you!
You die...

#.#### ....#
###'''###
##8.c...8##
##.........##
##...........##
##.............##
##......(ZY......##
#......@###.......##
8...o..## ##......8#
......# ##......#
.5...# ##.....+
..... #.....+ ....
##...(.+ ...
#......# 8..
#......8# #....$$.##
........##
........##


You could see a sky beast (invisible), a centaur, a crimson imp (wandering), an
orc and an adder skeleton.

Vanquished Creatures
  Sigmund (D:2)
  5 adders
  2 worms (D:3)
  A dart slug (D:3)
  2 leopard geckos (D:2)
  An orc (D:3)
  A ball python (D:3)
  9 bats
  2 giant cockroaches
  5 goblins
  5 hobgoblins
  3 jackals (D:2)
  3 quokkas
  3 frilled lizards
  6 kobolds
  3 rats
52 creatures vanquished.

Notes
Turn   | Place    | Note
-------+----------+-------------------------------------------
     0 | Abyss:1  | bli the Formicid Abyssal Knight began the quest for the
                  | Orb.
     0 | Abyss:1  | Reached XP level 1. HP: 18/18 MP: 2/2
    52 | Abyss:1  | Noticed a worldbinder
    54 | Abyss:1  | Noticed a manticore
    64 | D:1      | Escaped the Abyss
    70 | D:1      | Reached skill level 1 in Dodging
    76 | D:1      | Reached * piety under Lugonu
   316 | D:1      | Reached XP level 2. HP: 18/24 MP: 3/3
  1137 | D:2      | Reached XP level 3. HP: 21/30 MP: 4/4
  1257 | D:2      | Noticed Sigmund
  1268 | D:2      | HP: 1/30 [Sigmund/+0 scythe (9)]
  1275 | D:2      | Killed Sigmund
  1275 | D:2      | Reached skill level 1 in Stealth
  1275 | D:2      | Reached XP level 4. HP: 12/38 MP: 5/5
  1275 | D:2      | Reached XP level 5. HP: 13/43 MP: 6/6
  1598 | D:2      | Reached XP level 6. HP: 49/49 MP: 7/7
  2941 | D:3      | You fall into a shaft and drop 3 floors!
  3043 | D:5      | Entered Level 5 of the Dungeon
  3043 | D:5      | Noticed a sky beast
  3054 | D:5      | Shot with an arrow by a centaur

Levels and vault maps discovered:
D:1:      dpeg_arrival_arbitrary_c, layout_loops_ring, roderic_roman_lattice
D:2:      layout_basic, uniq_sigmund
D:3:      layout_loops_corners, nrook_loot_triangle
D:5:      layout_loops_ring, first_ration, gammafunk_ghost_hive,
          kennysheep_donut, minmay_hedge_maze, nemelex_lonely_heart_becter
D:6:      layout_cave_pools, temple_green, minmay_misc_feat_cross,
          minmay_tree_intersection, nicolae_water_bricks, uniq_eustachio

Skill      XL: |  1  2  3  4  5  6 |
---------------+-------------------+-----
Dodging        | 1 2 |  2.0
Fighting       | 4 |  4.7
Long Blades    | 3 4 |  4.0
Armour         | 3 |  3.2
Stealth        | 1 |  1.5
Invocations    | |  2.4

Action                   |  1- 3 |  4- 6 || total
-------------------------+-------+-------++-------
Melee: Falchion          |    51 |    93 ||   144
Invok: Depart the Abyss  |     1 |       ||     1
 Abil: Dig               |       |     4 ||     4
  Use: Potion            |     1 |       ||     1
 Stab: Sleeping          |       |     1 ||     1
  Eat: Chunk             |     1 |     6 ||     7
Armor: Leather armour    |    17 |    25 ||    42
Dodge: Dodged            |    26 |    72 ||    98
       Rpst.: Falchion   |     9 |    23 ||    32
